Map: Void Thrashing

Players

NamroodTuo

  • Race: Terran Terran
  • Spawn Location: 6:00

Darkwing

  • Race: Terran Terran
  • Spawn Location: 9:00

VOD

Have the link to the VOD?

Description

Time

  • Played on: Jan. 31, 2023, 8:49 a.m.
  • Length: 23:25
Show
View Real Time Build Order
Export as new Build Order

NamroodTuo Terran 

Build Orders:  

Get SALT Encoding   

  12  0:12  SCV  
  13  0:22  Supply Depot  
  13  0:27  SCV  
  14  0:44  SCV  
  15  0:53  Factory  
  15  0:58  SCV  
  16  1:12  Supply Depot  
  16  1:17  SCV  
  17  1:30  SCV  
  18  1:44  SCV  
  18  1:46  Refinery  
  19  1:52  Refinery  
  19  1:57  SCV  
  20  2:06  Armory  
  20  2:11  SCV  
  21  2:24  Perdition Turret  
  21  2:27  SCV  
  22  2:42  SCV  
  23  2:56  SCV  
  24  3:05  Devastation Turret  
  24  3:09  SCV  
  25  3:23  SCV  
  26  3:33  Devastation Turret  
  26  3:42  Perdition Turret  
  26  4:00  Perdition Turret  
  26  4:09  Devastation Turret  
  26  4:38  Engineering Bay  
  26  4:39  SCV  
  27  4:52  SCV  
  27  4:53  Starport  
  28  5:06  SCV  
  29  5:15  Upgrade Laser Drill Level 1  
  29  5:20  SCV  
  30  5:33  SCV  
  31  6:15  Perdition Turret  
  31  6:28  Devastation Turret  
  31  6:39  Starport Tech Lab, Devastation Turret  
  31  6:51  Supply Depot  
  31  6:58  Supply Depot  
  31  7:06  Perdition Turret  
  31  7:10  Spinning Dizzy  
  31  7:16  Spinning Dizzy  
  31  7:19  Spinning Dizzy  
  31  7:21  SCV  
  32  7:35  SCV  
  33  7:41  Devastation Turret  
  33  7:48  SCV  
  34  7:56  Starport  
  34  7:59  Starport  
  34  8:00  Pulse Amplifier  
  34  8:02  SCV  
  35  8:12  Terran Vehicle and Ship Weapons Level 1, Devastation Turret  
  35  8:15  SCV, Hi-Sec Auto Tracking  
  36  8:36  Supply Depot  
  36  8:46  Perdition Turret  
  36  9:10  Spinning Dizzy  
  36  9:15  Structure Armor  
  36  9:35  Command Center  
  36  9:36  Perdition Turret  
  36  9:40  Starport Tech Lab  
  36  9:42  Starport Tech Lab  
  36  9:47  Improved Nano-Repair  
  36  10:00  Spinning Dizzy  
  36  10:01  Refinery  
  36  10:09  Refinery  
  36  10:25  SCV  
  37  10:38  SCV  
  38  10:52  SCV, Terran Vehicle And Ship Armor Level 1  
  38  10:56  Science Vessel  
  38  10:57  Wraith  
  38  10:58  Science Vessel  
  45  11:05  SCV  
  46  11:11  Supply Depot  
  46  11:19  SCV  
  47  11:21  SCV  
  48  11:35  SCV  
  49  11:42  Supply Depot  
  49  11:48  SCV  
  50  12:02  SCV  
  51  12:13  Supply Depot  
  51  12:15  SCV  
  52  12:21  Wraith  
  52  12:22  Science Vessel  
  52  12:23  Wraith  
  52  12:29  SCV  
  59  12:42  SCV  
  59  12:45  Supply Depot  
  60  12:56  SCV  
  60  12:58  Perdition Turret x2  
  61  13:01  Science Vessel  
  61  13:02  Wraith  
  65  13:10  SCV  
  65  13:16  Supply Depot  
  66  13:23  SCV  
  66  13:24  Wraith  
  69  13:32  Terran Vehicle and Ship Weapons Level 2  
  69  13:37  SCV  
  70  13:42  Wraith  
  70  13:48  Supply Depot  
  70  13:49  Wraith  
  74  13:50  SCV  
  75  14:04  Wraith  
  77  14:21  Supply Depot  
  77  14:22  Wraith  
  77  14:29  Wraith  
  81  14:43  Wraith  
  83  15:02  Wraith  
  83  15:09  Wraith  
  79  15:23  Wraith  
  73  15:40  Perdition Turret  
  73  15:42  Wraith  
  73  15:45  Perdition Turret  
  75  15:57  Science Vessel  
  77  16:03  Science Vessel  
  75  16:11  SCV  
  76  16:22  Science Vessel  
  76  16:25  SCV  
  79  16:32  Devastation Turret  
  79  16:42  Terran Vehicle And Ship Armor Level 2  
  79  16:45  Wraith  
  81  16:51  Wraith  
  83  17:00  Devastation Turret  
  83  17:10  Wraith  
  85  17:25  Wraith  
  87  17:30  Devastation Turret  
  87  17:31  Wraith  
  89  17:50  Wraith  
  89  17:58  Perdition Turret  
  91  18:05  Wraith  
  93  18:11  Wraith  
  95  18:22  Devastation Turret  
  93  18:30  Wraith  
  95  18:45  Wraith  
  97  18:50  Perdition Turret  
  97  18:51  Wraith  
  97  18:53  Perdition Turret x2  
  97  18:57  Perdition Turret  
  87  19:10  Wraith  
  89  19:25  Wraith  
  91  19:31  Wraith  
  93  19:50  Wraith  
  95  20:05  Wraith  
  97  20:11  Wraith  
  97  20:30  Wraith  
  99  20:45  Wraith  
  99  20:51  Wraith  
  83  21:10  Wraith  
  83  21:25  Wraith  
  81  21:31  Wraith  
  79  21:50  Wraith  
  81  22:05  Wraith  
  83  22:11  Wraith  
  83  22:30  Wraith  
  85  22:44  Wraith  
Show
View Real Time Build Order
Export as new Build Order

Darkwing Terran 

Build Orders:  

Get SALT Encoding   

  12  0:30  SCV  
  12  0:38  Refinery  
  13  0:47  SCV  
  14  0:51  Supply Depot  
  14  0:54  Supply Depot  
  14  1:00  Refinery  
  14  1:06  SCV  
  15  1:22  SCV  
  16  1:39  SCV  
  17  1:56  SCV  
  18  2:11  Supply Depot  
  18  2:13  SCV  
  19  2:30  SCV  
  19  2:31  Barracks  
  20  2:47  SCV  
  21  3:04  Unknown, SCV  
  21  3:08  Barracks Tech Lab  
  22  3:21  SCV  
  22  3:22  Supply Depot  
  22  3:25  Supply Depot  
  23  3:34  Supply Depot  
  23  3:38  SCV  
  24  3:44  Marine  
  25  3:55  SCV  
  26  4:12  Marine, SCV  
  28  4:22  Marine  
  28  4:29  SCV  
  30  4:32  Marine  
  31  4:42  Marine  
  31  4:45  Factory  
  32  4:53  Marine  
  32  4:54  Concussive Shells  
  33  5:07  Orbital Command  
  33  5:12  Marauder  
  35  5:24  Medic  
  37  5:45  Factory  
  37  5:54  Incinerator Gauntlets  
  37  6:54  Juggernaut Plating  
  37  7:40  Factory Tech Lab  
  37  7:53  Marine  
  37  7:54  Stabilizer Medpacks, Engineering Bay  
  38  8:03  Marine  
  39  8:13  Armory  
  39  8:14  Marine  
  40  8:24  Marine  
  41  8:34  Marine  
  42  8:41  Vulture  
  44  8:52  Vulture  
  44  8:56  Vulture  
  48  9:02  Vulture  
  48  9:06  Vulture  
  52  9:12  Vulture  
  56  9:22  Vulture  
  56  9:24  Starport  
  58  9:32  Vulture  
  58  9:35  Terran Infantry Weapons Level 1  
  60  9:42  Vulture  
  60  9:43  Terran Vehicle and Ship Weapons Level 1  
  60  9:45  Marine  
  63  9:55  Supply Depot  
  63  9:56  Vulture, Marine  
  63  9:59  Supply Depot  
  66  10:01  Factory Tech Lab  
  66  10:06  Vulture, Marine  
  69  10:11  Supply Depot  
  69  10:13  Supply Depot  
  69  10:16  Marine, Supply Depot  
  69  10:19  Supply Depot  
  70  10:21  Vulture  
  70  10:24  Supply Depot  
  70  10:26  Marine, Supply Depot  
  70  10:29  Supply Depot  
  71  10:31  Vulture  
  71  10:33  Supply Depot  
  71  10:34  Supply Depot  
  73  10:42  Vulture  
  73  10:45  Starport Tech Lab  
  75  11:06  Armory  
  47  12:15  Terran Infantry Armor Level 1  
  47  12:23  Terran Vehicle And Ship Armor Level 1  
  43  13:22  Vulture  
  45  13:32  Vulture  
  47  13:43  Vulture  
  49  13:51  Fusion Core  
  49  13:53  Vulture  
  51  14:03  Vulture  
  51  14:05  Neosteel Frame  
  53  14:13  Vulture  
  53  14:16  Marine  
  56  14:23  Vulture  
  56  14:26  Marine  
  59  14:34  Vulture  
  59  14:36  Marine  
  62  14:40  Command Center  
  62  14:44  Vulture  
  62  14:47  Marine  
  65  14:57  Marine  
  65  14:59  Engineering Bay  
  65  15:03  Advanced Optics  
  66  15:12  Weapon Refit  
  66  15:18  Vulture  
  66  15:27  Marine  
  66  15:28  Vulture  
  67  15:37  Marine  
  67  15:38  Vulture  
  61  15:40  SCV  
  61  15:48  Marine  
  61  15:49  Vulture  
  63  15:51  Battlecruiser  
  63  15:55  Structure Armor  
  63  15:57  SCV  
  63  15:58  Marine  
  63  15:59  Vulture  
  73  16:08  Marine  
  77  16:22  Refinery  
  77  16:27  SCV  
  77  16:29  Refinery  
  78  16:44  SCV  
  79  16:55  Terran Infantry Weapons Level 2  
  79  17:00  SCV  
  79  17:03  Afterburners  
  80  17:17  SCV  
  53  17:34  SCV  
  49  18:03  Terran Vehicle and Ship Weapons Level 2  
  44  19:08  SCV  
  45  19:20  Battlecruiser  
  45  19:25  SCV  
  52  19:36  SCV  
  53  19:42  Vulture, SCV  
  56  19:52  Vulture  
  56  19:59  SCV  
  59  20:02  Battlecruiser  
  59  20:03  Vulture  
  59  20:05  Terran Infantry Armor Level 2  
  67  20:13  Vulture  
  67  20:16  SCV  
  67  20:17  Marine  
  70  20:23  Vulture  
  70  20:27  Marine  
  73  20:33  Vulture, SCV  
  73  20:38  Marauder  
  77  20:43  Vulture  
  77  20:45  Battlecruiser  
  87  20:50  SCV, Firebat  
  87  20:54  Vulture  
  92  21:03  Medic  
  92  21:07  SCV  
  82  21:28  Battlecruiser  
  81  22:10  Battlecruiser  
Tags
 
Commander
RaynorSwann
Matchup
Co-op
Replay Pack
Multiplayer
Add a new tag
Caveats
  • Supply blocks, unpowered buildings, or Contaminate may cause inaccurate times.
  • Supply counts are checked every 10 seconds.